 Dungeon Crawl Stone Soup version 0.31-a0-1405-g2bb1a01664 (webtiles) character file.

Game seed: 11618118280503715150

210 Arcadio the Firebug (level 5, -1/38 HPs)
             Began as a Draconian Fire Elementalist on Dec 25, 2023.
             Was a Believer of Nemelex Xobeh.
             Splashed by a jelly's acid (3 damage)
             ... on level 6 of the Dungeon.
             The game lasted 00:07:01 (2446 turns).

Arcadio the Firebug (Draconian Fire Elementalist)   Turns: 2446, Time: 00:07:02

Health: -1/38      AC:  1    Str: 10    XL:     5   Next: 56%
Magic:  10/10      EV: 13    Int: 17    God:    Nemelex Xobeh [**....]
Gold:   171        SH:  0    Dex: 12    Spells: 7/10 levels left

rFire   . . .        c - +2 whip (venom)
rCold   . . .        (no shield)
rNeg    . . .        (body armour unavailable)
rPois   .            (helmet restricted)
rElec   .            (no cloak)
rCorr   .            (no gloves)
SInv    .            (no boots)
Will    .....        (no amulet)
Stlth   +            (no ring)
HPRegen 0.26/turn    (no ring)
MPRegen 0.12/turn

%: no passive effects
@: confused, ambrosia-drunk, corroded
A: AC +5, unfitting armour, cold-blooded
a: Renounce Religion, Draw Escape, Draw Destruction, Draw Summoning


You were on level 6 of the Dungeon.
You worshipped Nemelex Xobeh.
Nemelex Xobeh was pleased with you.
You visited 1 branch of the dungeon, and saw 6 of its levels.

You collected 241 gold pieces.
You spent 70 gold pieces at shops.

Inventory:

Hand Weapons
 c - a +2 whip of venom (weapon)
Talismans
 h - a serpent talisman
 i - a blade talisman
 l - a flux talisman
Wands
 q - a wand of charming (11)
Scrolls
 b - a scroll of vulnerability
 d - a scroll of amnesia {unknown}
 e - a scroll of acquirement {unknown}
 j - a scroll of teleportation
 n - a scroll of immolation {unknown}
 o - a scroll of fear {unknown}
 s - a scroll of fog {unknown}
Potions
 a - a potion of magic
 f - a potion of ambrosia
 g - 2 potions of haste
 k - a potion of enlightenment
 m - a potion of lignification
 p - a potion of brilliance {unknown}


   Skills:
 + Level 3.4 Dodging
 - Level 1.7 Stealth
 + Level 3.4 Spellcasting
 - Level 1.0 Conjurations
 + Level 4.3 Fire Magic


You had 7 spell levels left.
You knew the following spells:

 Your Spells              Type           Power      Damage    Failure   Level
a - Foxfire               Conj/Fire      48%        2x1d6     5%          1
b - Scorch                Fire           34%        2d6       4%          2

Your spell library contained the following spells:

 Spells                   Type           Power      Damage    Failure   Level
 Inner Flame              Hex/Fire       10%        N/A       21%         3
 Volatile Blastmotes      Fire/Tloc      20%        2d11      21%         3
 Ensorcelled Hibernation  Hex/Ice        4%         N/A       26%         2
 Passwall                 Alch/Erth      1%         N/A       26%         2
 Swiftness                Air            2%         N/A       45%         3
 Flame Wave               Conj/Fire      12%        2d6       50%         4
 Sticky Flame             Fire/Alch      10%        2d5       56%         4
 Plasma Beam              Fire/Air       5%         2x1d15    100%        6
 Starburst                Conj/Fire      6%         6d4       100%        6


Dungeon Overview and Level Annotations

Branches:
Dungeon (7/15) Zot: 26962
 Temple: D:4-7

Altars:
Nemelex Xobeh
Vehumet

Shops:
D:1 ?

Annotations:
D:4 Grinder


Innate Abilities, Weirdness & Mutations

Your plain brown scales are hard. (AC +5)
You cannot fit into any form of body armour.
You are cold-blooded and may be slowed by cold attacks.


Message History

* * * LOW HITPOINT WARNING * * *
You bump into the rock wall.
The jelly closely misses you. The kobold misses you.
You hit the jelly.
Your hands burn!
Your tail-slap misses the jelly.
The jelly is moderately wounded.
The jelly closely misses you.
The kobold hits you with a +0 short sword.
You bump into the rock wall.
The howler monkey hoots and howls with incredible vigour!
The jelly barely misses you. The kobold barely misses you.
You hear a shout!
You hit the kobold.
The kobold is poisoned.
Your tail-slap misses the kobold.
The kobold is moderately wounded.
You feel less invigorated.
You feel less confused. The jelly hits you but does no damage.
The kobold closely misses you.
You barely miss the jelly.
The jelly is moderately wounded.
The jelly misses you. The kobold barely misses you.
You hit the jelly.
Your hands burn!
The jelly is heavily wounded.
The jelly misses you. The kobold misses you.
The howler monkey hoots and howls with incredible vigour!
An orc wizard comes into view. It is wielding a +0 dagger.
An orc priest comes into view. It is wielding a +0 short sword.
The jelly hits you but does no damage.
You are confused.
You feel invigorated.
You kill the kobold!
The jelly hits you.
You are splashed with acid!
* * * LOW HITPOINT WARNING * * *
You bump into the rock wall.
The howler monkey closely misses you.
The howler monkey hits you but does no damage.
The jelly barely misses you.
You bump into the rock wall.
The howler monkey misses you. The jelly hits you. The acid corrodes you!
You are splashed with acid!
* * * LOW HITPOINT WARNING * * *
You hit the jelly.
Your hands burn!
You die...
Your body disappears without a glow.

..# ..# ..# #.#
#.## #fs. #J#. #
#@#.######.#
#h#K.......#
#.####K##K......#
#....KoK.K......#
.......o.........#
#......$.........#
.................#
##########.......#
#.......#


You could see an orc warrior, a sleepcap, a scorpion, a howler monkey, a jelly,
an orc wizard and 3 kobolds.

Vanquished Creatures
  A kobold brigand (D:6)
  2 howler monkeys
  A worm (D:2)
  A dart slug (D:1)
  3 ball pythons
  9 endoplasms
  2 giant cockroaches
  5 goblins
  5 hobgoblins
  10 jackals
  5 kobolds
  2 quokkas
  5 bats
  3 frilled lizards (D:2)
  2 rats (D:1)
56 creatures vanquished.

Vanquished Creatures (others)
  6 foxfires (D:1)
6 creatures vanquished.

Grand Total: 62 creatures vanquished

Notes
Turn   | Place    | Note
-------+----------+-------------------------------------------
     0 | D:1      | Arcadio the Draconian Fire Elementalist began the quest for
                  | the Orb.
     0 | D:1      | Reached XP level 1. HP: 14/14 MP: 3/3
    96 | D:1      | Found Kuig's Magic Scroll Shop.
   187 | D:1      | Reached XP level 2. HP: 18/20 MP: 5/5
   214 | D:1      | Found a faded altar of an unknown god.
   219 | D:1      | Learned a level 2 spell: Scorch
   222 | D:1      | Prayed at the altar of an unknown god.
   222 | D:1      | Became a worshipper of Nemelex Xobeh the Trickster
   222 | D:1      | Reached * piety under Nemelex Xobeh
   698 | D:1      | Bought a scroll of identify for 20 gold pieces
   698 | D:1      | Bought a scroll of identify for 20 gold pieces
   698 | D:1      | Bought a scroll of teleportation for 30 gold pieces
   777 | D:2      | Reached XP level 3. HP: 20/26 MP: 6/6
   866 | D:2      | Received a gift from Nemelex Xobeh
  1500 | D:3      | Reached ** piety under Nemelex Xobeh
  1565 | D:3      | Found a radiant altar of Vehumet.
  2270 | D:4      | Reached XP level 4. HP: 27/33 MP: 8/8
  2353 | D:4      | Noticed Grinder
  2386 | D:4      | You fall into a shaft and drop 3 floors!
  2410 | D:6      | Noticed a kobold brigand
  2421 | D:6      | Reached skill level 4 in Fire Magic
  2421 | D:6      | Reached XP level 5. HP: 19/38 MP: 9/9
  2435 | D:6      | Noticed an orc warrior
  2446 | D:6      | Splashed by a jelly's acid

Illustrated notes

Levels and vault maps discovered:
D:1:      eino_arrival_cavern_d, layout_loops_ring,
          chequers_ecumenical_altar_simple_redux, serial_shops,
          nicolae_shop_gibbet_a_chance
D:2:      layout_rooms, kennysheep_boxes
D:3:      layout_basic, nicolae_vehumet_radiance
D:4:      layout_gridville, nicolae_houndstooth_variations, uniq_grinder,
          uniq_robin
D:6:      layout_rooms, mainiacjoe_overflow_brackets, kennysheep_doodads
D:7:      layout_loops_ring, lemuel_round_altar, nicolae_ossuary_entry_plus

Skill      XL: |  1  2  3  4 |
---------------+-------------+-----
Dodging        | 2 3 |  3.4
Spellcasting   | 3 |  3.4
Fire Magic     | 4 |  4.3
Stealth        | |  1.7
Conjurations   | |  1.0

Action                     |  1- 3 |  4- 6 || total
---------------------------+-------+-------++-------
  Melee: Whip              |   115 |    32 ||   147
         Tailslap          |     9 |     4 ||    13
         Punch             |     2 |     1 ||     3
   Cast: Foxfire           |     3 |       ||     3
    Use: Scroll            |     5 |     1 ||     6
         Potion            |       |     3 ||     3
   Stab: Sleeping          |     4 |     1 ||     5
 Armour: Skin              |    49 |    33 ||    82
  Dodge: Dodged            |    85 |    41 ||   126

Table legend: (Time is in decaauts)
 A = Elapsed time spent in this place.
 B = Non-inter-level travel time spent in this place.
 C = Inter-level travel time spent in this place.
 D = Time resting spent in this place.
 E = Time spent auto-exploring this place.
 F = Levels seen in this place.
 G = Mean time per level.
                   A        B        C        D        E       F      G
               +--------+--------+--------+--------+--------+-----+--------+
         Total |   2488 |   2394 |     94 |      0 |   1882 |   6 |  414.7 |
       Dungeon |   2488 |   2394 |     94 |      0 |   1882 |   6 |  414.7 |
               +--------+--------+--------+--------+--------+-----+--------+

Top non-repeatable levels by time:
     D:3: 866 daAuts
     D:1: 712 daAuts
     D:2: 621 daAuts
     D:4: 226 daAuts
     D:6: 37 daAuts
     D:7: 23 daAuts
